 Dungeon Crawl Stone Soup version 0.23-a0-14-g8c9a20f (webtiles) character file.

132 Amnesiac the Conjurer (level 4, -2/30 HPs)
             Began as a Mummy Fire Elementalist on Aug 2, 2018.
             Was a Follower of Vehumet.
             Slain by a human zombie (5 damage)
             ... in an ossuary.
             The game lasted 00:04:28 (1171 turns).

Amnesiac the Conjurer (Mummy Fire Elementalist)     Turns: 1171, Time: 00:04:28

Health: -2/30      AC:  2    Str: 11    XL:     4   Next: 92%
Magic:  4/8        EV: 12    Int: 15    God:    Vehumet [*.....]
Gold:   79         SH:  0    Dex: 12    Spells: 5/9 levels left

rFire    x . .     SeeInvis .   g - +0 quarterstaff
rCold    + . .     Gourm    .   (shield currently unavailable)
rNeg     + + +     Faith    .   a - +0 robe
rPois    ∞         Spirit   .   (no helmet)
rElec    .         Reflect  .   (no cloak)
rCorr    .         Harm     .   (no gloves)
MR       .....                  (no boots)
Stlth    ++........             (no amulet)
HPRegen  0.10/turn              (no ring)
MPRegen  0.11/turn              (no ring)

@: no status effects
A: no food or potions, fire vulnerability, cold resistance 1, negative energy
resistance 3, torment resistance, unbreathing
a: Renounce Religion


You were in an ossuary.
You worshipped Vehumet.
Vehumet was aware of your devotion.
You were not hungry.

You visited 2 branches of the dungeon, and saw 5 of its levels.
You also visited: Ossuary.

You collected 79 gold pieces.

Inventory:

Hand Weapons
 g - a +0 quarterstaff (weapon)
Armour
 a - a +0 robe (worn)
Scrolls
 e - a scroll of enchant weapon {!r}
 f - a scroll of amnesia {!r}


   Skills:
 - Level 1.5 Dodging
 - Level 1.5 Stealth
 + Level 3.1 Spellcasting
 * Level 3.2 Conjurations
 * Level 3.1 Fire Magic


You had 5 spell levels left.
You knew the following spells:

 Your Spells              Type           Power        Failure   Level  Hunger
a - Flame Tongue          Conj/Fire      ##...        5%          1    N/A
s - Conjure Flame         Conj/Fire      ##......     16%         3    N/A

Your spell library contained the following spells:

 Spells                   Type           Power        Failure   Level  Hunger
 Fireball                 Conj/Fire      ##........   83%         5    N/A
 Throw Flame              Conj/Fire      ##....       9%          2    N/A
 Sticky Flame             Conj/Fire      ##......     47%         4    N/A
 Inner Flame              Hex/Fire       #.......     30%         3    N/A

Dungeon Overview and Level Annotations

Branches:
Dungeon (4/15)             Temple (1/1) D:4

Altars:
Ashenzari
Dithmenos
Fedhas
Gozag
Hepliaklqana
Makhleb
Sif Muna
Trog
Vehumet
The Shining One

Annotations:
D:4 exclusion: iguana, Blork the orc


Innate Abilities, Weirdness & Mutations

You do not eat or drink.
Your flesh is vulnerable to fire.
You are immune to poison.
Your flesh is cold resistant. (rC+)
You are immune to negative energy. (rN+++)
You are immune to unholy pain and torment.
You can survive without breathing.


Message History

Aim: a human zombie The flame tongue hits the human zombie.
The human zombie is lightly damaged.
Casting: Flame Tongue (safe; 5% risk of failure)
Confirm with . or Enter, or press ? or * to list all spells.
Aiming: Flame Tongue (safe; 5% risk of failure)
Press: ? - help, Shift-Dir - straight line, f - rat zombie, p - human zombie
Aim: a rat zombie The flame tongue hits the rat zombie.
The rat zombie is severely damaged.
Casting: Flame Tongue (safe; 5% risk of failure)
Confirm with . or Enter, or press ? or * to list all spells.
Aiming: Flame Tongue (safe; 5% risk of failure)
Press: ? - help, Shift-Dir - straight line, f/p - rat zombie
Aim: a rat zombie (severely damaged)
The flame tongue hits the rat zombie.
You destroy the rat zombie!
Vehumet accepts your kill.
A big kobold zombie comes into view.
A kobold zombie comes into view.
The big kobold zombie hits you.
* * * LOW HITPOINT WARNING * * *
An orc zombie comes into view.
The kobold zombie barely misses you. The orc zombie closely misses you.
An orc zombie comes into view.
The orc zombie moves out of view.
A goblin zombie comes into view.
A human zombie comes into view.
Casting: Flame Tongue (safe; 5% risk of failure)
Confirm with . or Enter, or press ? or * to list all spells.
Aiming: Conjure Flame (safe; 16% risk of failure)
Press: ? - help, Dir - move target cursor The fire ignites!
You hit the orc zombie.
The orc zombie is heavily damaged.
The orc zombie is engulfed in blazing flames.
You destroy the orc zombie!
Vehumet accepts your kill.
You feel your power returning. The goblin zombie hits you.
* * * LOW HITPOINT WARNING * * *
You barely miss the goblin zombie. The goblin zombie closely misses you.
The kobold zombie is engulfed in blazing flames.
You destroy the kobold zombie!
Vehumet accepts your kill.
You feel your power returning.
You hit the goblin zombie.
The goblin zombie is moderately damaged.
The goblin zombie hits you.
* * * LOW HITPOINT WARNING * * *
A human zombie comes into view.
The human zombie hits you.
* * * LOW HITPOINT WARNING * * *
The human zombie is engulfed in blazing flames.
A human zombie comes into view.
The goblin zombie hits you.
* * * LOW HITPOINT WARNING * * *
The hobgoblin zombie closely misses you.
The hobgoblin zombie hits you.
* * * LOW HITPOINT WARNING * * *
The human zombie hits you.
* * * LOW HITPOINT WARNING * * *
The human zombie hits you.
You die...

###################
#.........∩Z.......
#..........Z.......
#...##############.
#...# #. #...# #.
#...# #. #.@Z# #.
#.Z.# ....# #.
#.ZZ# ....# #.
#.Z.# ....## #.
#.ZZ# .... #. #...#
#..# #. #...# #..#
#. #...# #..# #.
#...######..######.


You could see a goblin zombie, a hobgoblin zombie, a big kobold zombie and 4
human zombies.

Vanquished Creatures
  A centaur zombie (Ossuary)
  A human zombie (Ossuary)
  2 mummies
  An ooze (D:3)
  A leopard gecko (D:3)
  2 orcs (D:3)
  2 bats
  2 giant cockroaches
  2 goblins
  A hobgoblin (D:1)
  A frilled lizard (D:1)
  5 hobgoblin zombies (Ossuary)
  2 jackal zombies (Ossuary)
  A kobold (D:3)
  7 kobold zombies (Ossuary)
  11 orc zombies (Ossuary)
  A quokka zombie (D:4)
  3 rats
  A rat zombie (Ossuary)
47 creatures vanquished.

Notes
Turn   | Place    | Note
-------+----------+-------------------------------------------
     0 | D:1      | Amnesiac the Mummy Fire Elementalist began the quest for the Orb.
     0 | D:1      | Reached XP level 1. HP: 13/13 MP: 4/4
    42 | D:1      | Reached skill level 1 in Conjurations
   172 | D:2      | Reached XP level 2. HP: 19/19 MP: 1/5
   281 | D:4      | Noticed Blork the orc
   468 | D:3      | Found a shadowy altar of Dithmenos.
   638 | D:4      | Found a staircase to the Ecumenical Temple.
   645 | Temple   | Entered the Ecumenical Temple
   658 | Temple   | Became a worshipper of Vehumet
   690 | D:4      | Found a sand-covered staircase.
   707 | D:4      | Reached XP level 3. HP: 24/24 MP: 0/7
   778 | Ossuary  | Entered an ossuary
   909 | Ossuary  | Reached * piety under Vehumet
   909 | Ossuary  | Offered knowledge of Sandblast by Vehumet.
  1047 | Ossuary  | Reached XP level 4. HP: 7/30 MP: 1/8
  1059 | Ossuary  | Learned a level 3 spell: Conjure Flame
  1171 | Ossuary  | Slain by a human zombie

Vault maps used:
D:1:      dpeg_arrival_houses_and_road, serial_glass, glass_columns_a,
          glass_columns_b, feat_on_display, kennysheep_decorative_pillar,
          minmay_pentomino_r4
D:2:      elyvilon_altar_5
D:3:      nicolae_dithmenos_through_a_glass_darkly
D:4:      kennysheep_mini_moat, temple_green, first_ration,
          gup_ossuary_entry_pyramid, uniq_eustachio, uniq_blork_the_orc
Temple:   zaba_magenta_temple
Ossuary:  ossuary_tomb_1

Skill      XL: |  1  2  3  4 |
---------------+-------------+-----
Conjurations   | 1 2 3 |  3.2
Spellcasting   | 3 |  3.1
Fire Magic     | 3 |  3.1
Dodging        | |  1.5
Stealth        | |  1.5

Action                   |  1- 3 |  4- 6 || total
-------------------------+-------+-------++-------
Melee: Quarterstaff      |    42 |     5 ||    47
       Dagger            |     2 |       ||     2
 Cast: Flame Tongue      |    66 |     8 ||    74
       Conjure Flame     |       |     2 ||     2
  Use: Scroll            |     4 |       ||     4
Armor: Robe              |     8 |     1 ||     9
Dodge: Dodged            |    39 |     4 ||    43

Table legend:
 A = Spawn XP
 B = Non-spawn XP
 C = Spawn XP percentage of total XP
 D = Spawn monster count
 E = Non-spawn monster count
 F = Spawn count percentage of total count
 G = Total turns spent on level
                    A         B        C        D         E        F      G
               +---------+---------+-------+---------+---------+-------+---------
         Total |       0 |     189 |   0.0 |       0 |      47 |   0.0 |  1171
               +---------+---------+-------+---------+---------+-------+---------
           D:1 |       0 |      11 |   0.0 |       0 |       7 |   0.0 |   148
           D:2 |       0 |       2 |   0.0 |       0 |       1 |   0.0 |    60
           D:3 |       0 |      18 |   0.0 |       0 |       6 |   0.0 |   346
           D:4 |       0 |      22 |   0.0 |       0 |       4 |   0.0 |   197
       Ossuary |       0 |     136 |   0.0 |       0 |      29 |   0.0 |   393
               +---------+---------+-------+---------+---------+-------+---------
